 Dungeon Crawl Stone Soup version 0.31-a0-37-g98a128e1d9 (webtiles) character file.

Game seed: 4370602775047700336

86280 Elsrick the Wrestler (level 15, -12/126 HPs)
             Began as a Ghoul Monk on May 16, 2023.
             Was the Champion of Okawaru.
             Mangled by a vault guard
             ... wielding a +0 battleaxe
              (26 damage)
             ... on level 13 of the Dungeon.
             The game lasted 02:04:29 (28895 turns).

Elsrick the Wrestler (Ghoul Monk)                  Turns: 28895, Time: 02:04:29

Health: -12/126    AC: 11    Str: 22    XL:     15   Next: 86%
Magic:  14/14      EV: 27    Int:  5    God:    Okawaru [******]
Gold:   3190       SH:  5    Dex: 15    Spells: 14/14 levels left

rFire   + +          .
                       - Unarmed
rCold   + . .        c - orb {light}
rNeg    + + +        s - +2 robe {rN+}
rPois   ∞            (no helmet)
rElec   +            (no cloak)
rCorr   .            P - +2 pair of gloves {Str+3}
SInv    .            T - +3 pair of boots of Emyovax {rF+ Stlth+}
Will    +++..        d - amulet "Tuji" {Reflect *Slow +Inv rElec rF+ Will++ SH+5}
Stlth   ++           E - +5 ring of evasion
HPRegen 0.00/turn    U - +5 ring of evasion
MPRegen 0.14/turn

%: slow self (1%), reflection
@: inhibited regen, glowing
A: claws 1, cold resistance 1, negative energy resistance 3, inhibited
regeneration, torment resistance 2, devour on kill
a: Renounce Religion, Evoke Invisibility, Heroism, Finesse, Duel


You were on level 13 of the Dungeon.
You worshipped Okawaru.
Okawaru was exalted by your worship.
You visited 4 branches of the dungeon, and saw 22 of its levels.
You also visited: Bailey, Gauntlet and Ice Cave.

You collected 4022 gold pieces.
You spent 832 gold pieces at shops.

Inventory:

Hand Weapons
 G - a +3 eveningstar
 I - a +4 scimitar of freezing
 L - a +5 trident of freezing
Missiles
 q - 36 poisoned darts (quivered)
 x - 2 atropa-tipped darts
 Q - 5 curare-tipped darts
Armour
 c - an orb of light (worn)
 s - a +2 robe of positive energy (worn)
 P - a +2 pair of gloves of strength (worn)
 T - the +3 pair of boots of Emyovax (worn) {rF+ Stlth+}
   (Okawaru gifted it to you on level 3 of the Lair of Beasts)

   rF:        It protects you from fire.
   Stlth:     It makes you more stealthy.
Jewellery
 d - the amulet "Tuji" (around neck) {Reflect *Slow +Inv rElec rF+ Will++ SH+5}
   (You found it in an ice cave)

   [amulet of reflection]

   It reflects blocked missile attacks.
   rF:        It protects you from fire.
   rElec:     It insulates you from electricity.
   +Inv:      It lets you turn invisible.
   *Slow:     It may slow you when you take damage.
   SH:        It affects your SH (+5).
   Will:      It greatly increases your willpower.
 v - a ring of flight
 E - a +5 ring of evasion (left hand)
 U - a +5 ring of evasion (right hand)
Wands
 a - a wand of polymorph (5)
 r - a wand of mindburst (9)
 u - a wand of acid (4)
 B - a wand of paralysis (9)
 X - a wand of iceblast (3)
Scrolls
 e - a scroll of fear
 g - 8 scrolls of teleportation
 i - 2 scrolls of poison
 j - 4 scrolls of enchant armour
 m - 2 scrolls of silence
 n - 5 scrolls of identify
 p - 4 scrolls of immolation
 y - 4 scrolls of enchant weapon
 O - 3 scrolls of fog
Potions
 b - 3 potions of ambrosia
 f - 2 potions of haste
 h - 3 potions of invisibility
 k - 8 potions of curing
 l - a potion of cancellation {unknown}
 o - a potion of might
 t - 4 potions of flight
 w - a potion of resistance
 D - 2 potions of magic
 J - 2 potions of brilliance
 Y - 4 potions of heal wounds
Miscellaneous
 N - a phial of floods (inert)


   Skills:
 + Level 10.0 Fighting
 + Level 9.0 Throwing
 + Level 2.0 Armour
 + Level 10.8 Dodging
 + Level 5.6 Stealth
 + Level 2.5 Shields
 + Level 22.2 Unarmed Combat
 + Level 0.2 Invocations
 + Level 1.4 Evocations


You had 14 spell levels left.
You didn't know any spells.
Your spell library contained the following spells:

 Spells                   Type           Power      Damage    Failure   Level
 Apportation              Tloc           0%         N/A       47%         1
 Necrotise                Necr           0%         1d4       47%         1
 Slow                     Hex            0%         N/A       47%         1
 Lesser Beckoning         Tloc           0%         N/A       63%         2
 Searing Ray              Conj           0%         2d4       63%         2
 Confusing Touch          Hex            0%         N/A       85%         3
 Gell's Gravitas          Tloc           0%         N/A       85%         3
 Portal Projectile        Hex/Tloc       0%         N/A       85%         3
 Stone Arrow              Conj/Erth      0%         3d7       85%         3
 Teleport Other           Tloc           0%         N/A       85%         3
 Vampiric Draining        Necr           0%         2d6       85%         3
 Passage of Golubria      Tloc           0%         N/A       99%         4
 Alistair's Intoxication  Tmut/Pois      0%         N/A       100%        5
 Iskenderun's Battlesphe  Conj           0%         2d6       100%        5
 Yara's Violent Unravell  Hex/Tmut       0%         3d3       100%        5
 Dispersal                Tloc           0%         N/A       100%        6
 Eringya's Noxious Bog    Tmut/Pois      0%         N/A       100%        6
 Iron Shot                Conj/Erth      0%         9d1       100%        6
 Ozocubu's Refrigeration  Ice            0%         4d7       100%        7
 Chain Lightning          Conj/Air       0%         N/A       100%        9
 Fire Storm               Conj/Fire      0%         5d1       100%        9
 Polar Vortex             Ice            0%         N/A       100%        9
 Tukima's Dance           Hex            Unusable   N/A       N/A         3
 Animate Dead             Necr           Unusable   N/A       N/A         4
 Blade Hands              Tmut           Unusable   N/A       N/A         5
 Summon Forest            Summ/Tloc      Unusable   N/A       N/A         5
 Simulacrum               Ice/Necr       Unusable   N/A       N/A         6
 Spellforged Servitor     Conj/Summ      Unusable   N/A       N/A         7
 Summon Hydra             Summ           Unusable   N/A       N/A         7

Dungeon Overview and Level Annotations

Branches:
Dungeon (14/15)            Temple (1/1) D:7            Lair (5/5) D:11
 Shoals (0/4) Lair:3        Snake (0/4) Lair:3        Slime (0/5) Lair:4
    Orc (2/2) D:12            Elf (0/3) Orc:2        Vaults (0/5) D:14
 Bailey (visited)           IceCv (visited)         Gauntlet (visited)

Altars:
Ashenzari
Cheibriados
Dithmenos
Fedhas
Gozag
Hepliaklqana
Kikubaaqudgha
Makhleb
Nemelex Xobeh
Okawaru
Qazlal
Ru
Sif Muna
Trog
Uskayaw
Vehumet
Wu Jian
Xom
Yredelemnul
Jiyva

Shops:
D:3 :=[   D:5 =   D:8 =![   D:11 [   Orc:1 !   Orc:2 [=*[!

Annotations:
D:11 1 runed translucent door, ytrimaz's ghost, journeyman GnWn
D:13 1 runed translucent door, exclusion: orange crystal statue
D:14 2 transporters, exclusion: orange crystal statue, Zigaill's ghost, adept OgFE
Lair:1 Gastronok
Lair:5 1 runed translucent door, Suloph's ghost, journeyman MiFi
Orc:1 1 runed translucent door, patfeehan111222's ghost, journeyman DsBe


Innate Abilities, Weirdness & Mutations

You are immune to poison.
You have sharp fingernails.
Your flesh is cold resistant. (rC+)
You are immune to negative energy. (rN+++)
You do not regenerate when monsters are visible.
You are immune to unholy pain and torment.
You thrive by killing the living.


Message History

You block the vault guard's attack. The vault guard completely misses you.
The vault guard barely misses you.
You climb upwards.
Level annotation: 1 runed translucent door, exclusion: orange crystal statue
There is a stone staircase leading down here.
You punch the vault guard!
The vault guard is moderately wounded.
The vault guard misses you.
The vault guard hits you with a +0 dire flail!
You hit the vault guard.
The vault guard is moderately wounded.
The vault guard barely misses you.
The vault guard hits you with a +0 dire flail.
You barely miss the vault guard.
The vault guard is moderately wounded.
You pummel the vault guard!!
The vault guard is severely wounded.
The vault guard hits you with a +0 battleaxe!
* * * LOW HITPOINT WARNING * * *
The vault guard barely misses you.
You completely miss the vault guard.
The vault guard is severely wounded.
You pummel the vault guard!!
The vault guard is almost dead.
The vault guard hits you with a +0 battleaxe!
* * * LOW HITPOINT WARNING * * *
The vault guard misses you.
You feel much better. The vault guard misses you.
The vault guard closely misses you.
You hit the vault guard.
You kill the vault guard!
Okawaru accepts your kill.
The vault guard hits you with a +0 battleaxe!!
* * * LOW HITPOINT WARNING * * *
You pummel the vault guard!!
The vault guard is heavily wounded.
You punch the vault guard!
The vault guard is heavily wounded.
The vault guard hits you with a +0 battleaxe!!
You die...

#~# #~##.# #~# #~##.####
#~###########~##....#
#~~~~~~~~~~~~~#####.#
####'####..####..# #.# ##
###.........## ##.#####.###
###. #.'.........# #.#.......#
#... #.#.........#
###.#.#####.###.#.
..#.........#
#@)...#.....##..#.
###.........#
##p#.###.#.####.##.
#.........###..#...#.#.#....##.
#.........'...####.#.#.#.#####.
#.........######.....#...# ##
########### ###########


You could see a vault guard.

Vanquished Creatures
  Kirke (Lair:4)
  An azure jelly (Lair:4)
  Louise (D:14)
  Snorg (Lair:4)
  7 vault guards
  3 hydras
  An ice dragon (IceCv)
  2 catoblepae
  3 boulder beetles
  Erolcha (Orc:1)
  A centaur warrior (D:13)
  2 two-headed ogres (D:11)
  A deep troll shaman (Lair:5)
  2 tengu warriors (D:14)
  3 death yaks (Lair:5)
  Urug (Lair:2)
  3 orc high priests (Orc:2)
  Sonja (D:12)
  2 lindwurms (Lair:5)
  6 ugly things
  A cyclops (D:14)
  7 orc knights
  5 orc sorcerers (Orc:2)
  2 manticores
  9 elephants
  An ice statue (IceCv)
  6 black mambas
  A torpor snail (Lair:4)
  Maurice (Orc:1)
  8 cane toads
  9 komodo dragons
  2 gargoyles
  A kobold demonologist (D:13)
  4 rime drakes (IceCv)
  An efreet (D:14)
  A hornet (D:9)
  10 trolls
  Prince Ribbit (Bailey)
  4 dream sheep (Lair:4)
  14 blink frogs
  17 slime creatures
  Sigmund (D:5)
  A vampire (D:13)
  3 wraiths
  36 yaks
  6 wyverns
  10 humans
  2 basilisks
  2 hogs (Lair:4)
  A steam dragon (D:8)
  10 vampire mosquitoes
  4 nagas (Lair:3)
  2 wargs
  2 acid dragons (D:11)
  14 water moccasins
  32 orc warriors
  5 ice beasts
  6 black bears
  3 sky beasts
  10 wolves
  8 ogres
  4 centaurs
  17 bullfrogs
  7 kobold brigands
  A gnoll sergeant (D:8)
  11 scorpions
  19 wights
  7 killer bees
  A lindwurm simulacrum (IceCv)
  A howler monkey (D:6)
  4 hounds
  7 komodo dragon simulacra (IceCv)
  4 jellies
  16 orc priests
  3 iguanas
  7 hell rats (Lair:3)
  26 orc wizards
  9 gnolls
  7 acid dragon simulacra (IceCv)
  12 adders
  A shadow imp (D:7)
  A white imp (D:6)
  An ufetubus (D:6)
  6 steam dragon simulacra (IceCv)
  A worm (D:2)
  2 dart slugs
  63 orcs
  5 endoplasms
  3 giant cockroaches
  14 goblins
  16 hobgoblins
  7 jackals
  15 kobolds
  4 quokkas
  5 ball pythons
  3 bats
  A frilled lizard (D:3)
  3 rats
620 creatures vanquished.

Vanquished Creatures (others)
  An orc wizard (Orc:2)
1 creature vanquished.

Grand Total: 621 creatures vanquished

Notes
Turn   | Place    | Note
-------+----------+-------------------------------------------
     0 | D:1      | Elsrick the Ghoul Monk began the quest for the Orb.
     0 | D:1      | Reached XP level 1. HP: 19/19 MP: 0/0
   164 | D:1      | Found a faded altar of an unknown god.
   232 | D:1      | Reached XP level 2. HP: 24/26 MP: 1/1
  1046 | D:2      | Reached XP level 3. HP: 28/33 MP: 2/2
  1860 | D:3      | Reached skill level 1 in Throwing
  1860 | D:3      | Reached skill level 4 in Unarmed Combat
  1893 | D:3      | Found Lear's Jewellery Shoppe.
  1916 | D:3      | Found Anwariyf's Antique Armour Shop.
  1992 | D:3      | Reached XP level 4. HP: 39/40 MP: 3/3
  2239 | D:3      | Found Fothraca's Book Boutique.
  3217 | D:4      | Reached XP level 5. HP: 41/46 MP: 4/4
  3475 | D:4      | Noticed an ogre
  3495 | D:4      | Killed an ogre
  3496 | D:4      | Reached skill level 1 in Stealth
  3496 | D:4      | Reached skill level 5 in Unarmed Combat
  3496 | D:4      | Reached XP level 6. HP: 52/52 MP: 5/5
  4652 | D:5      | Entered Level 5 of the Dungeon
  4654 | D:5      | Found Kimogohe's Jewellery Emporium.
  4825 | D:5      | Reached skill level 6 in Unarmed Combat
  4825 | D:5      | Reached XP level 7. HP: 60/60 MP: 6/6
  5240 | D:5      | Reached skill level 7 in Unarmed Combat
  5240 | D:5      | Reached XP level 8. HP: 63/67 MP: 5/7
  5330 | D:5      | Got the Information on Energetic Bodies
  5355 | D:5      | Noticed Sigmund
  5362 | D:5      | Killed Sigmund
  5508 | D:5      | Found an ancient bone altar of Kikubaaqudgha.
  5588 | D:5      | Reached skill level 8 in Unarmed Combat
  6127 | D:5      | Reached skill level 5 in Throwing
  6152 | D:5      | Reached XP level 9. HP: 16/73 MP: 1/8
  6342 | D:5      | Reached skill level 5 in Fighting
  6495 | D:6      | Reached skill level 9 in Unarmed Combat
  7348 | D:6      | Reached skill level 5 in Dodging
  7906 | D:6      | Reached skill level 10 in Unarmed Combat
  8484 | D:5      | Bought a +5 ring of evasion for 468 gold pieces
  8823 | D:7      | Reached XP level 10. HP: 78/83 MP: 9/9
  8850 | D:7      | Found a blossoming altar of Fedhas.
  9234 | D:7      | Found a staircase to the Ecumenical Temple.
  9242 | Temple   | Entered the Ecumenical Temple
  9265 | Temple   | Became a worshipper of Warmaster Okawaru
  9265 | Temple   | Reached * piety under Okawaru
  9265 | Temple   | Reached ** piety under Okawaru
  9937 | D:8      | Found a runed translucent door.
  9973 | D:8      | Found a basalt altar of Yredelemnul.
 10155 | D:8      | Found Dempuun's Armour Emporium.
 10196 | D:8      | Found Orgholire's Distillery.
 10328 | D:8      | Reached skill level 11 in Unarmed Combat
 10613 | D:8      | Found Jeulaq's Jewellery Shop.
 11586 | D:8      | Reached skill level 1 in Armour
 11783 | D:8      | Reached *** piety under Okawaru
 12153 | D:9      | Found a sacrificial altar of Ru.
 12170 | D:9      | Reached skill level 12 in Unarmed Combat
 12483 | D:10     | Entered Level 10 of the Dungeon
 12525 | D:10     | Found a flagged portal.
 12584 | D:10     | Reached XP level 11. HP: 71/90 MP: 7/10
 12642 | Bailey   | Entered a bailey
 12721 | Bailey   | Reached **** piety under Okawaru
 12926 | Bailey   | Noticed Prince Ribbit
 12937 | Bailey   | Killed Prince Ribbit
 12938 | Bailey   | Reached skill level 13 in Unarmed Combat
 12973 | Bailey   | Noticed a vault guard
 13184 | Bailey   | Killed a vault guard
 13331 | Bailey   | Noticed a vault guard
 13496 | D:10     | Reached ***** piety under Okawaru
 13504 | D:10     | Noticed an orc knight
 13514 | D:10     | Killed an orc knight
 13874 | D:10     | Received a gift from Okawaru
 14042 | D:10     | Reached skill level 14 in Unarmed Combat
 14144 | D:10     | Found a bloodstained altar of Trog.
 14347 | D:11     | Found Sovvumyi's Antique Armour Shoppe.
 14348 | D:11     | Found a runed translucent door.
 14355 | D:11     | Noticed ytrimaz's ghost (journeyman GnWn)
 14370 | D:11     | Noticed a two-headed ogre
 14707 | D:11     | Found a staircase to the Lair.
 14722 | D:11     | Noticed a two-headed ogre
 14802 | D:11     | Noticed a boulder beetle
 15113 | D:11     | Noticed a manticore
 15120 | Lair:1   | Entered Level 1 of the Lair of Beasts
 15120 | Lair:1   | Noticed a boulder beetle
 15144 | Lair:2   | Reached XP level 12. HP: 31/97 MP: 5/11
 15272 | Lair:1   | Reached skill level 15 in Unarmed Combat
 15275 | Lair:1   | Reached XP level 13. HP: 23/108 MP: 2/12
 15275 | Lair:1   | HP: 2/108 [boulder beetle (21)]
 15613 | Lair:2   | Reached skill level 16 in Unarmed Combat
 15675 | Lair:2   | Got the Discourse on Wounds
 16269 | Lair:2   | Noticed Urug
 16299 | Lair:2   | Killed Urug
 16456 | Lair:2   | Found a shadowy altar of Dithmenos.
 16885 | Lair:3   | Received a gift from Okawaru
 16886 | Lair:3   | Reached skill level 17 in Unarmed Combat
 16962 | Lair:3   | Found a staircase to the Snake Pit.
 17075 | Lair:3   | Found a gate leading to a gauntlet.
 17089 | Gauntlet | Entered a Gauntlet
 17089 | Gauntlet | Found a transporter.
 17097 | Gauntlet | Found a transporter.
 17100 | Gauntlet | Found a transporter.
 17101 | Gauntlet | Found a transporter.
 17112 | Gauntlet | Found a transporter.
 17112 | Gauntlet | Found a transporter.
 17113 | Gauntlet | Found a transporter.
 17121 | Gauntlet | Found a transporter.
 17124 | Gauntlet | Found a transporter.
 17125 | Gauntlet | Found a transporter.
 17131 | Gauntlet | Found a runed translucent gate.
 17133 | Gauntlet | Found a transporter.
 17134 | Gauntlet | Found a runed translucent gate.
 17134 | Gauntlet | Noticed a great orb of eyes
 17135 | Gauntlet | Found a runed translucent gate.
 17136 | Gauntlet | Found a transporter.
 17137 | Gauntlet | Found a transporter.
 17141 | Gauntlet | Found a runed translucent door.
 17143 | Gauntlet | Found a runed translucent door.
 17145 | Gauntlet | Found a transporter.
 17329 | Lair:3   | Identified the +3 pair of boots of Emyovax {rF+ Stlth+}
                  | (Okawaru gifted it to you on level 3 of the Lair of Beasts)
 17329 | Lair:3   | Received a gift from Okawaru
 17924 | Lair:3   | Found a staircase to the Shoals.
 18243 | Lair:4   | Found a viscous altar of Jiyva.
 18244 | Lair:4   | Found a staircase to the Slime Pits.
 18302 | Lair:4   | Noticed Snorg
 18324 | Lair:4   | Killed Snorg
 18497 | Lair:4   | Noticed Kirke
 18514 | Lair:4   | Reached skill level 18 in Unarmed Combat
 18530 | Lair:4   | Killed Kirke
 18725 | Lair:4   | Reached XP level 14. HP: 118/118 MP: 13/13
 18887 | Lair:4   | Noticed an azure jelly
 19168 | Lair:5   | Entered Level 5 of the Lair of Beasts
 19399 | Lair:5   | Found a runed translucent door.
 19461 | Lair:5   | Noticed Suloph's ghost (journeyman MiFi)
 19963 | Lair:4   | Identified the scarf "Senwucest" {harm, Int+5 SInv}
                  | (Okawaru gifted it to you on level 4 of the Lair of Beasts)
 19963 | Lair:4   | Received a gift from Okawaru
 19964 | Lair:4   | Reached skill level 19 in Unarmed Combat
 20044 | Lair:4   | Killed an azure jelly
 20969 | Lair:5   | Reached skill level 5 in Stealth
 21638 | Lair:5   | Reached skill level 1 in Evocations
 21845 | Lair:1   | Reached skill level 20 in Unarmed Combat
 21881 | Lair:1   | Noticed Gastronok
 22234 | D:11     | Reached ****** piety under Okawaru
 22345 | D:12     | Noticed Sonja
 22368 | D:12     | Killed Sonja
 22415 | D:12     | Received a gift from Okawaru
 22909 | D:12     | Found a frozen archway.
 22915 | IceCv    | Entered an ice cave
 22992 | IceCv    | Identified a scroll of acquirement
 22993 | IceCv    | Acquired 931 gold pieces
 23254 | IceCv    | Reached skill level 10 in Dodging
 23313 | IceCv    | Identified the amulet "Tuji" {Reflect *Slow +Inv rElec rF+
                  | Will++ SH+5}
 23369 | IceCv    | Reached XP level 15. HP: 126/126 MP: 14/14
 23706 | D:12     | Found a staircase to the Orcish Mines.
 23717 | Orc:1    | Entered Level 1 of the Orcish Mines
 23912 | Orc:1    | Noticed Maurice
 23978 | Orc:1    | Killed Maurice
 24281 | Orc:1    | Noticed Erolcha
 24289 | Orc:1    | Killed Erolcha
 24345 | Orc:1    | Found Rap Jaon's Distillery.
 24353 | Orc:1    | Bought a potion of haste for 150 gold pieces
 24353 | Orc:1    | Bought a potion of heal wounds for 75 gold pieces
 24353 | Orc:1    | Bought a potion of heal wounds for 75 gold pieces
 24354 | Orc:1    | Found a runed translucent door.
 24357 | Orc:1    | Noticed patfeehan111222's ghost (journeyman DsBe)
 24415 | Orc:1    | Received a gift from Okawaru
 24905 | Orc:2    | Entered Level 2 of the Orcish Mines
 25005 | Orc:2    | Reached skill level 21 in Unarmed Combat
 25061 | Orc:2    | Reached skill level 1 in Shields
 25303 | Orc:2    | Found a staircase to the Elven Halls.
 25379 | Orc:2    | Found Pust's Distillery.
 25387 | Orc:2    | Bought a potion of might for 64 gold pieces
 25538 | Orc:2    | Found Secke's Armour Shop.
 26582 | Orc:2    | Found Bieggin's Jewellery Shoppe.
 26596 | Orc:2    | Found Zietim's Antique Armour Shoppe.
 26598 | Orc:2    | Found Widokhea's Assorted Antiques.
 27081 | D:13     | Found a runed translucent door.
 27085 | D:13     | Found the +5 demon whip "Spellbinder" {antimagic, disrupt,
                  | Will+}
 27086 | D:13     | Found the +10 tower shield of Ignorance {rN+ Int-4}
 27517 | D:14     | Found a hazy altar of Hepliaklqana.
 27549 | D:14     | Received a gift from Okawaru
 27941 | D:14     | Noticed Louise
 27961 | D:14     | Killed Louise
 27962 | D:14     | Reached skill level 10 in Fighting
 28049 | D:14     | Received a gift from Okawaru
 28305 | D:14     | Reached skill level 22 in Unarmed Combat
 28420 | D:14     | Found a transporter.
 28431 | D:14     | Noticed Zigaill's ghost (adept OgFE)
 28486 | D:14     | Found a transporter.
 28513 | D:14     | Found a gate to the Vaults.
 28556 | D:14     | Received a gift from Okawaru
 28895 | D:13     | Mangled by a vault guard

Illustrated notes

Levels and vault maps discovered:
D:1:      dpeg_arrival_water_temple_mockup, layout_basic,
          dreamdust_ecumenical_altar_statues
D:2:      layout_loops_corners
D:3:      layout_loops_corners, serial_shops, shop, shop,
          nicolae_shop_rolling_square, serial_glass, glass_columns_c,
          glass_columns_a, minmay_goblin_outpost
D:4:      layout_basic, serial_co_window_serial, co_window_cross_1,
          co_window_corner_a, co_window_corner_a, co_window_paths_b,
          co_window_corner_a, co_window_paths_b, co_window_paths_a,
          co_window_corner_a, co_window_paths_b, co_window_unsneaky_path_d,
          co_window_corner_cb, co_window_unsneaky_path_d, co_window_4corner_a,
          co_window_paths_d, glass_columns_b, glass_columns_a
D:5:      layout_loops_cross, mainiacjoe_overflow_six_doors_small, serial_shops,
          shop, minivault_5, st_stairs_4, minmay_gold_behind_fungi,
          kennysheep_dice, uniq_sigmund
D:6:      layout_layer_cave, minmay_alternating_orb
D:7:      layout_loops_corners, fedhas_bush_and_centaur_altar,
          minmay_temple_entry_hall
D:8:      layout_basic, dk_yredelemnul_ordeal, serial_shops, shop,
          nicolae_shop_tiny_statue_garden, nicolae_shop_window_shopping,
          lightli_minifort
D:9:      layout_irregular_city, nicolae_ru_awakened_eye
D:10:     cheibrodos_orc_bank, layout_cave_pools, mainiacjoe_overflow_alcove_2,
          enter_bailey_5
D:11:     layout_cave_pools, lair_entry_dummy, hellmonk_ghost_big_iron,
          serial_shops, shop
D:12:     wander_river, layout_gridville, erik_orc_2,
          portal_ice_cave_entry_pillars_1, uniq_sonja
D:13:     layout_roguey, minmay_crystal_box
D:14:     layout_long_grid, erik_vaults_2, hangedman_glass_teeth,
          nzn_ghost_randoct, nicolae_hepliaklqana_hazy_memory, uniq_louise
Temple:   minmay_crystal_spiral_temple
Lair:1:   layout_chaotic_city, uniq_gastronok
Lair:2:   layout_roguey, basic_altar, st_stairs_7, minivault_24,
          lemuel_fruit_fields, uniq_urug
Lair:3:   layout_roguey, shoals_dummy_entry, guppyfry_snake_entry_garden,
          gauntlet_entry_generic, serial_bayou_pond_b, grunt_megastairs_2
Lair:4:   layout_roguey, slime_entry_1, nicolae_lair_time_for_slime, uniq_kirke,
          uniq_snorg
Lair:5:   grunt_lair_end_beastmaster, layout_layer_cave,
          ebering_ghost_inner_flame, nicolae_lair_lindhole, lemuel_fruit_fields
Orc:1:    layout_caves, gammafunk_ghost_grave, serial_shops,
          nicolae_shop_real_fake_doors, uniq_erolcha, uniq_maurice
Orc:2:    st_orc_elflike, layout_caves, serial_shops, shop

Skill      XL: |  1  2  3  4  5  6  7  8  9 10 11 12 13 14 15 |
---------------+----------------------------------------------+-----
Dodging        | 3 4 5 7 8 9 10 | 10.8
Throwing       | 1 2 3 5 6 8 9 |  9.0
Unarmed Combat | 4 5 6 7 8 10 12 14 15 18 20 22 | 22.2
Fighting       | 4 5 6 8 9 10 | 10.0
Stealth        | 1 2 3 4 5 |  5.6
Armour         | 2 |  2.0
Evocations     | 1 |  1.4
Shields        | 2 |  2.5
Invocations    | |  0.2

Action                     |  1- 3 |  4- 6 |  7- 9 | 10-12 | 13-15 || total
---------------------------+-------+-------+-------+-------+-------++-------
  Melee: Unarmed           |    83 |   105 |   175 |   473 |  1306 ||  2142
  Throw: Boomerang         |    21 |       |       |       |       ||    21
         Dart              |       |    41 |   107 |    61 |    48 ||   257
 Invoke: Heroism           |       |       |       |     1 |     1 ||     2
  Evoke: Phial of floods   |       |       |       |       |     2 ||     2
         Wand              |       |       |       |       |     5 ||     5
    Use: Scroll            |       |     7 |       |    13 |    13 ||    33
         Potion            |       |       |       |     9 |     5 ||    14
   Stab: Sleeping          |       |       |       |       |     4 ||     4
         Distracted        |       |       |       |       |     2 ||     2
 Armour: Robe              |     7 |    11 |    21 |    51 |   133 ||   223
         Chain mail        |       |       |       |     5 |       ||     5
  Dodge: Dodged            |    41 |    66 |    94 |   395 |  1028 ||  1624
  Block: Orb               |       |       |       |       |    86 ||    86
         Reflection        |       |       |       |       |     3 ||     3

Table legend: (Time is in decaauts)
 A = Elapsed time spent in this place.
 B = Non-inter-level travel time spent in this place.
 C = Inter-level travel time spent in this place.
 D = Time resting spent in this place.
 E = Time spent auto-exploring this place.
 F = Levels seen in this place.
 G = Mean time per level.
                   A        B        C        D        E       F      G
               +--------+--------+--------+--------+--------+-----+--------+
         Total |  28272 |  27297 |    975 |   8600 |   9447 |  25 | 1130.9 |
       Dungeon |  17542 |  16847 |    695 |   4865 |   6622 |  14 | 1253.0 |
        Temple |    213 |    130 |     83 |      0 |     91 |   1 |  213.0 |
          Lair |   6417 |   6267 |    150 |   2108 |   1968 |   5 | 1283.4 |
  Orcish Mines |   2691 |   2644 |     47 |   1092 |    766 |   2 | 1345.5 |
        Bailey |    678 |    678 |      0 |    359 |      0 |   1 |  678.0 |
      Ice Cave |    577 |    577 |      0 |    176 |      0 |   1 |  577.0 |
      Gauntlet |    150 |    150 |      0 |      0 |      0 |   1 |  150.0 |
               +--------+--------+--------+--------+--------+-----+--------+

Top non-repeatable levels by time:
  Lair:5: 2052 daAuts
     D:6: 2034 daAuts
     D:4: 1799 daAuts
     D:8: 1753 daAuts
  Lair:3: 1612 daAuts
   Orc:2: 1529 daAuts
    D:10: 1500 daAuts
     D:5: 1482 daAuts
  Lair:2: 1473 daAuts
     D:7: 1383 daAuts
    D:13: 1334 daAuts
     D:3: 1228 daAuts
  Lair:4: 1177 daAuts
     D:2: 1172 daAuts
   Orc:1: 1162 daAuts
